 Dungeon Crawl Stone Soup version 0.18.1-6-gd335043 (webtiles) character file.

318138 Scarto the Warrior (level 20, 0/199 HPs)
             Began as a Demonspawn Fighter on May 18, 2016.
             Was the Champion of Trog.
             Splashed by an acid blob's acid (10 damage)
             ... on level 6 of the Pits of Slime.
             The game lasted 02:08:37 (38054 turns).

Scarto the Warrior (Demonspawn Fighter)            Turns: 38054, Time: 02:08:37

Health: 0/199      AC: 24    Str: 27    XL:     20   Next: 57%
Magic:  4/4        EV:  8    Int:  9    God:    Trog [******]
Gold:   2652       SH: 12    Dex: 11    Spells: 0 memorised, 19 levels left

rFire  + + .     SeeInvis +     O - +9 broad axe (antimagic)
rCold  + + .     Gourm    .     L - +8 plate armour {MR+}
rNeg   + . .     Faith    .     o - +3 buckler {AC+3}
rPois  +         Spirit   .     C - +1 hat
rElec  .         Dismiss  .     T - +1 ratskin cloak {rPois rN+ Int-1 Dex-1}
rCorr  .         Reflect  +     x - +2 pair of gloves {Str+3}
SustAt .         Harm     .     W - +1 pair of boots {Fly}
MR     +++++                    N - +2 amulet of reflection
Stlth  ..........               A - ring of protection from magic
                                f - ring of see invisible

@: corroded, flying, regenerating, studying Throwing, almost entirely resistant
to hostile enchantments, extremely unstealthy
A: hooves 2, molten scales 3, clumsy 1, cold resistance 2, fire resistance 1,
low mp 3, powered by death 3, regeneration 1, robust 2, shaggy fur 2, spiny 2,
MP-powered wands, sturdy frame 1
a: Berserk, Trog's Hand, Brothers in Arms, Burn Spellbooks, Renounce Religion,
Stop Flying
}: 2/15 runes: decaying, gossamer


You were on level 6 of the Pits of Slime.
You worshipped Trog.
Trog was exalted by your worship.
You were not hungry.

You visited 7 branches of the dungeon, and saw 42 of its levels.
You visited 1 bazaar.
You also visited: Bailey, Ice Cave and Volcano.

You collected 4229 gold pieces.
You spent 1577 gold pieces at shops.

Inventory:

Hand Weapons
 m - a +6 mace of chaos
 p - the +7 greatsling "Haroroij" {velocity, rElec rPois Str+2 Dex+2}
   (You found it on level 3 of the Elven Halls)

   Any stone fired from it inflicts extra damage.
   It affects your strength (+2).
   It affects your dexterity (+2).
   It insulates you from electricity.
   It protects you from poison.
 O - a +9 antimagic broad axe (weapon)
Missiles
 y - 13 tomahawks of returning (quivered)
Armour
 o - a +3 buckler of protection (worn)
 x - a +2 pair of gloves of strength (worn)
 C - a +1 hat (worn)
 L - a +8 plate armour of magic resistance (worn)
 T - the +1 ratskin cloak (worn) {rPois rN+ Int-1 Dex-1}
   (You bought it in a shop on level 2 of the Orcish Mines)

   It affects your intelligence (-1).
   It affects your dexterity (-1).
   It protects you from poison.
   It protects you from negative energy.
 W - a +1 pair of boots of flying (worn)
 Y - a fire dragon hide
 Z - a swamp dragon hide
Jewellery
 f - a ring of see invisible (left hand)
 h - a +4 ring of slaying
 A - a ring of protection from magic (right hand)
 D - a +3 ring of evasion
 N - a +2 amulet of reflection (around neck)
 Q - an uncursed ring of sustain attributes
Wands
 a - a wand of hasting (4/9)
 b - a wand of digging (18/24)
 q - a wand of polymorph (17/24)
 s - a wand of teleportation (2/9)
 M - a wand of teleportation (5/9)
Scrolls
 e - 15 scrolls of remove curse
 j - 5 scrolls of magic mapping
 l - 5 scrolls of blinking
 n - 11 scrolls of teleportation
 G - a scroll of fear
 K - 3 scrolls of silence
Potions
 g - 3 potions of invisibility
 i - 10 potions of lignification
 k - 18 potions of curing
 v - 2 potions of agility
 z - 4 potions of berserk rage
 B - 2 potions of might
 J - 3 potions of haste
 U - 2 potions of brilliance
 V - 4 potions of resistance
 X - a potion of cancellation
Books
 E - a manual of Throwing
Comestibles
 c - 3 fruits
 t - 3 royal jellies
 u - 9 meat rations
 R - a bread ration
 S - a beef jerky


   Skills:
 + Level 16.3 Fighting
 + Level 15.6(18.0) Axes
 + Level 15.4(17.9) Maces & Flails
 + Level 15.8 Armour
 + Level 15.7 Shields


You had 19 spell levels left.
You didn't know any spells.

Dungeon Overview and Level Annotations

Branches:
Dungeon (15/15)            Temple (0/1) D:7            Lair (8/8) D:9
  Swamp (4/4) Lair:3       Spider (4/4) Lair:5        Slime (6/6) Lair:7
    Orc (2/2) D:12            Elf (3/3) Orc:2        Vaults (0/5) D:14
 Depths: D:15

Altars:
Ashenzari
Cheibriados
Dithmenos
Fedhas
Kikubaaqudgha
Nemelex Xobeh
Pakellas
Trog
Xom
Beogh
Jiyva

Shops:
D:7 *   D:12 (   D:14 }   Orc:2 [!}(   Elf:1 %   Elf:2 %

Portals:
Trove: D:15 (give +7 demon trident)

Annotations:
D:15 exclusion: Roxanne, Roxanne


Innate Abilities, Weirdness & Mutations

You have hoof-like feet.
You are completely covered in molten scales (AC +4, EV -1, rF+).
You regenerate a lot of health from kills.
You are very robust (+20% HP).
You are mostly covered in sharp spines.
You are clumsy. (Dex -2)
Your flesh is very cold resistant.
Your flesh is heat resistant.
Your magical capacity is extremely low (-30% MP).
Your natural rate of healing is unusually fast.
You are covered in thick fur (AC +2).
You expend magic power (3 MP) to strengthen your wands.
Your movements are slightly less encumbered by armour (ER -2).


Message History

You block the acid blob's attack.
The very large slime creature barely misses your stone giant.
Two slime creatures merge to form an enormous slime creature. x2
A slime creature comes into view.
Your stone giant hits the enormous slime creature!
The acid blob spits acid at you. The splash of acid hits you!
* * * LOW HITPOINT WARNING * * *
The acid burns!
* * * LOW HITPOINT WARNING * * *
Your stone giant hits the enormous slime creature!!!
Your stone giant hits the enormous slime creature!!!
A slime creature comes into view.
The slime creature quivers.
A slime creature comes into view.
The acid blob spits acid at you. The splash of acid hits you!
* * * LOW HITPOINT WARNING * * *
The acid burns!
You die...

..............#
...............J##
........J........##
......J...........#
..................#
..........JJ.......
.........JC........
..........JJ.......
.......<@..........
..##...............
###.............
####.......J..
#..........
#..........
#.......J.
.........


You could see 2 acid blobs, 2 enormous slime creatures, 4 slime creatures and a
friendly stone giant (berserk).

Vanquished Creatures
  Arachne (Spider:4)
  Nikola (Spider:1)
  4 deep elf blademasters
  4 acid blobs
  Gastronok (D:10)
  4 deep elf master archers (Elf:3)
  Frances (D:12)
  Agnes (Spider:4)
  A large abomination (Elf:3)
  Kirke (Lair:5)
  4 thorn hunters
  An azure jelly (Slime:3)
  An orc warlord (Bailey)
  9 deep elf sorcerers
  9 ghost moths
  8 emperor scorpions
  A deep elf demonologist (Elf:3)
  A spark wasp (Spider:4)
  3 deep elf annihilators (Elf:3)
  8 vault guards (D:14)
  3 death oozes
  5 deep elf death magi (Elf:3)
  A deep elf high priest (Elf:3)
  A great orb of eyes (Slime:4)
  6 ghost crabs
  An entropy weaver (Spider:4)
  A rakshasa (D:15)
  21 hydras
  A death knight (D:15)
  Erolcha (D:10)
  13 alligators
  3 centaur warriors
  A catoblepas (Lair:8)
  A tengu warrior (D:15)
  24 dancing weapons
  13 death yaks
  4 orc high priests
  19 deep elf knights
  Sonja (D:11)
  2 unseen horrors
  2 small abominations (Elf:3)
  14 swamp dragons
  Psyche (D:8)
  2 spriggan druids (Swamp:3)
  2 shambling mangroves
  8 hill giants
  A lindwurm (Lair:7)
  15 deep elf archers
  A phantasmal warrior (D:15)
  Pikel (D:8)
  5 cyclopes
  13 orb spiders
  A harpy (shapeshifter) (Elf:3)
  The ghost of Statics the Covert, a novice OpTm of Cheibriados (D:8)
  15 ugly things
  5 orc knights
  A hornet (shapeshifter) (D:14)
  6 orc sorcerers
  19 wolf spiders
  An oklob plant (Lair:8)
  6 shining eyes
  3 griffons
  3 hornets
  7 manticores
  A necromancer (IceCv)
  62 deep elf magi
  Maurice (D:9)
  7 black mambas
  5 torpor snails
  3 eyes of devastation
  A molten gargoyle (Volcano)
  8 elephants
  4 ice statues (IceCv)
  13 spiny frogs
  4 gargoyles
  3 rime drakes
  3 kobold demonologists (D:12)
  10 demonic crawlers
  A freezing wraith (D:15)
  3 ice devils (IceCv)
  9 komodo dragons
  2 efreet
  A queen bee (D:8)
  6 trolls
  Prince Ribbit (Lair:3)
  4 giant leeches
  32 blink frogs
  31 jumping spiders
  Grinder (D:5)
  A two-headed ogre (D:10)
  51 slime creatures
  8 bog bodies
  2 boulder beetles
  32 redbacks
  9 spriggans
  3 shadows
  4 air elementals
  2 wyverns
  42 yaks
  A fire elemental (Elf:2)
  3 water elementals
  4 wraiths
  3 basilisks
  18 tarantellas
  7 hogs (Lair:5)
  16 hippogriffs
  3 fire bats (Lair:4)
  10 golden eyes (Slime:4)
  Edmund (D:5)
  A steam dragon (Lair:4)
  15 vampire mosquitoes
  3 hungry ghosts
  3 wargs
  3 mottled dragons (Lair:4)
  16 swamp worms
  14 insubstantial wisps
  18 water moccasins
  Duvessa (D:5)
  17 porcupines
  2 hell hounds (D:9)
  19 swamp drakes
  26 orc warriors
  2 black bears
  6 sky beasts
  19 wasps
  An ice beast (D:6)
  3 eyes of draining
  2 slaves (D:8)
  A necrophage (D:6)
  12 ogres
  5 phantoms
  13 wolves
  5 centaurs
  5 boggarts (D:14)
  17 crocodiles
  A big kobold (shapeshifter) (Elf:1)
  3 big kobolds
  20 giant frogs
  Blork the orc (D:5)
  4 earth elementals
  A wyvern zombie (D:6)
  Dowan (D:5)
  A wyvern skeleton (D:13)
  A water moccasin skeleton (D:8)
  2 scorpions
  51 killer bees
  7 wights
  An electric eel (Spider:1)
  4 howler monkeys
  4 draconian simulacra (IceCv)
  A giant frog zombie (D:9)
  8 crimson imps
  A quasit (D:9)
  15 orc priests
  7 hounds
  24 orc wizards
  15 jellies
  4 centaur skeletons
  3 giant frog skeletons
  10 iguanas
  8 worker ants
  20 sheep
  A spriggan simulacrum (IceCv)
  A killer bee zombie (D:9)
  3 centaur simulacra (IceCv)
  A hound zombie (D:10)
  2 hound skeletons
  2 ogre simulacra (IceCv)
  8 adders
  71 river rats
  6 shadow imps
  12 white imps (D:15)
  An adder zombie (D:8)
  3 adder skeletons
  2 dart slugs
  A worm (D:5)
  4 giant geckos
  73 orcs
  2 ball pythons
  6 bats
  6 giant cockroaches
  20 goblins
  8 hobgoblins
  19 jackals
  6 quokkas
  4 giant newts
  30 kobolds
  9 rats
  3 crawling corpses (Elf:3)
  8 fungi
  5 plants
1519 creatures vanquished.

Vanquished Creatures (collateral kills)
  Mara (Swamp:3)
  the Lernaean hydra (Swamp:4)
  An acid blob (Slime:4)
  An azure jelly (Slime:4)
  A great orb of eyes (Slime:4)
  A hydra (Swamp:4)
  2 swamp dragons (Swamp:4)
  2 orb spiders (Spider:4)
  A moth of wrath (Spider:4)
  An elephant (Lair:8)
  An eye of devastation (Slime:4)
  2 jumping spiders (Spider:4)
  A giant leech (Swamp:3)
  2 slime creatures (Slime:4)
  2 redbacks (Spider:4)
  A jelly (Slime:4)
21 creatures vanquished.

Vanquished Creatures (others)
  2 deep elf master archers (Elf:3)
  A hydra (Lair:8)
  2 alligators (Swamp:2)
  3 deep elf knights
  An unseen horror (shapeshifter) (Elf:1)
  3 deep elf archers
  2 wolf spiders
  A deep elf mage (Elf:1)
  A jumping spider (Spider:1)
  A redback (Spider:1)
  A tarantella (Spider:2)
  A slave (D:8)
  2 swamp drakes
  2 wasps
  An orc priest (Orc:2)
  A worker ant (D:8)
  6 fungi
  2 plants (Lair:5)
33 creatures vanquished.

Grand Total: 1573 creatures vanquished

Notes
Turn   | Place    | Note
--------------------------------------------------------------
     0 | D:1      | Scarto the Demonspawn Fighter began the quest for the Orb.
     0 | D:1      | Reached XP level 1. HP: 18/18 MP: 1/1
   291 | D:1      | Gained mutation: You are partially covered in molten scales (AC +1). [demonic ancestry]
   291 | D:1      | Reached XP level 2. HP: 20/24 MP: 2/2
  1306 | D:2      | Reached XP level 3. HP: 28/29 MP: 3/3
  1314 | D:2      | Found a sparkling altar of Nemelex Xobeh.
  1486 | D:2      | Found a shattered altar of Ashenzari.
  1555 | D:2      | Found a shimmering altar of Xom.
  2188 | D:3      | Reached XP level 4. HP: 35/35 MP: 4/4
  2320 | D:3      | Found a snail-covered altar of Cheibriados.
  2339 | D:3      | Found a blossoming altar of Fedhas.
  2625 | D:3      | Reached skill level 1 in Maces & Flails
  2690 | D:4      | Reached XP level 5. HP: 37/41 MP: 5/5
  2817 | D:4      | Noticed a phantom
  2842 | D:4      | Gained mutation: You are mostly covered in molten scales (AC +3, EV -1). [demonic ancestry]
  2842 | D:4      | Reached XP level 6. HP: 26/48 MP: 6/6
  2870 | D:4      | Reached skill level 4 in Fighting
  2882 | D:4      | Got a bronze scale mail
  2893 | D:4      | Identified the +5 scale mail of Watchfulness {MR+} (You found it on level 4 of the Dungeon)
  3132 | D:4      | Found an ancient bone altar of Kikubaaqudgha.
  3342 | D:5      | Entered Level 5 of the Dungeon
  3430 | D:5      | Gained mutation: You are completely covered in molten scales (AC +4, EV -1, rF+). [demonic ancestry]
  3430 | D:5      | Reached XP level 7. HP: 16/55 MP: 7/7
  3661 | D:5      | Noticed Edmund
  3680 | D:5      | Killed Edmund
  4004 | D:5      | Noticed Grinder
  4018 | D:5      | Killed Grinder
  4018 | D:5      | Reached skill level 5 in Fighting
  4018 | D:5      | Reached XP level 8. HP: 51/62 MP: 8/8
  4147 | D:5      | Noticed Duvessa
  4147 | D:5      | Noticed Dowan
  4164 | D:5      | Killed Duvessa
  4169 | D:5      | Killed Dowan
  4169 | D:5      | Reached skill level 5 in Shields
  4748 | D:5      | Noticed Blork the orc
  4764 | D:5      | Killed Blork the orc
  4764 | D:5      | Reached skill level 5 in Armour
  5257 | D:6      | Reached skill level 5 in Axes
  5403 | D:6      | Reached skill level 6 in Fighting
  5615 | D:6      | Gained mutation: You regenerate a little health from kills. [demonic ancestry]
  5615 | D:6      | Reached XP level 9. HP: 55/69 MP: 9/9
  5910 | D:6      | Reached skill level 5 in Maces & Flails
  6171 | D:6      | Found a bloodstained altar of Trog.
  6200 | D:6      | Reached skill level 7 in Fighting
  6367 | D:6      | Became a worshipper of Trog the Wrathful
  6373 | D:6      | Gained mutation: Your flesh is cold resistant. [potion of beneficial mutation]
  6465 | D:6      | Gained mutation: You are partially covered in sharp spines. [demonic ancestry]
  6465 | D:6      | Reached XP level 10. HP: 52/79 MP: 10/10
  6580 | D:7      | Found a shadowy altar of Dithmenos.
  6602 | D:7      | Found a staircase to the Ecumenical Temple.
  6638 | D:7      | Found Woicid's General Store.
  6893 | D:7      | Reached * piety under Trog
  7315 | D:8      | Noticed Psyche
  7373 | D:8      | Noticed Pikel
  7398 | D:8      | Killed Pikel
  7467 | D:8      | Noticed Statics's ghost (novice OpTm)
  7473 | D:8      | Killed Statics's ghost
  7712 | D:8      | Killed Psyche
  7712 | D:8      | Reached skill level 8 in Fighting
  7760 | D:9      | Reached ** piety under Trog
  7809 | D:9      | Found a flagged portal.
  7816 | Bailey   | Entered a bailey
  7821 | Bailey   | Noticed an orc warlord
  7893 | Bailey   | Found a runed gate.
  7913 | Bailey   | Found a runed gate.
  7920 | Bailey   | Found a runed gate.
  8028 | Bailey   | Killed an orc warlord
  8028 | Bailey   | Gained mutation: You have large cloven feet. [demonic ancestry]
  8028 | Bailey   | Reached XP level 11. HP: 87/87 MP: 11/11
  8198 | D:9      | Gained mutation: You are weak. (Str -2) [mutagenic meat]
  8199 | D:9      | Gained mutation: You are robust (+10% HP). [mutagenic meat]
  8200 | D:9      | Gained mutation: Your magical capacity is low (-10% MP). [mutagenic meat]
  8207 | D:9      | Got a dazzling hand axe
  8208 | D:9      | Identified the +6 hand axe of Wil Gutu {drain, rPois rC+ Dex-4} (You found it on level 9 of the Dungeon)
  8297 | D:9      | Reached *** piety under Trog
  8327 | D:9      | Found a staircase to the Lair.
  8607 | D:9      | Noticed Maurice
  8896 | D:9      | Killed Maurice
  9053 | D:10     | Entered Level 10 of the Dungeon
  9183 | D:10     | Reached **** piety under Trog
  9255 | D:10     | Noticed Gastronok
  9278 | D:10     | Killed Gastronok
  9278 | D:10     | Reached skill level 9 in Fighting
  9402 | D:10     | Killed an unseen horror
  9402 | D:10     | Gained mutation: You are mostly covered in sharp spines. [demonic ancestry]
  9402 | D:10     | Reached XP level 12. HP: 91/104 MP: 10/10
  9710 | D:10     | Noticed Erolcha
  9725 | D:10     | Killed Erolcha
  9977 | D:11     | Reached ***** piety under Trog
 10016 | D:11     | Gained mutation: You have a beak for a mouth. [potion of mutation]
 10016 | D:11     | Gained mutation: Your flesh is heat resistant. [potion of mutation]
 10016 | D:11     | Gained mutation: Scrolls take you a little longer to read. [potion of mutation]
 10018 | D:11     | Reached XP level 13. HP: 101/111 MP: 11/11
 10145 | D:11     | Gained mutation: Your flesh is very heat resistant. [potion of beneficial mutation]
 10151 | D:11     | Noticed Sonja
 10163 | D:11     | Killed Sonja
 10163 | D:11     | Reached skill level 10 in Armour
 10214 | D:11     | Received a gift from Trog
 10226 | D:11     | Gained mutation: You are covered in fur (AC +1). [mutagenic meat]
 10227 | D:11     | Gained mutation: You are covered in thick fur (AC +2). [mutagenic meat]
 10268 | D:11     | Reached skill level 10 in Axes
 10283 | D:11     | Found a gateway to a bazaar.
 10334 | Bazaar   | Entered a bazaar
 10334 | Bazaar   | Found Basir's Distillery.
 10334 | Bazaar   | Found Tioc's Armour Shoppe.
 10334 | Bazaar   | Found Macs's Gadget Shop.
 10334 | Bazaar   | Found Sixkiyget's Jewellery Shoppe.
 10336 | Bazaar   | Found Xoca's Jewellery Emporium.
 10371 | Bazaar   | Bought a +2 pair of gloves of strength for 387 gold pieces
 10629 | D:12     | Found a staircase to the Orcish Mines.
 10629 | D:12     | Found Goschirr's Weapon Boutique.
 10646 | D:12     | Noticed Frances
 10717 | D:12     | Reached skill level 10 in Fighting
 10907 | D:12     | Killed Frances
 10910 | D:12     | Reached skill level 10 in Shields
 11376 | D:12     | Received a gift from Trog
 11539 | D:13     | Found a snail-covered altar of Cheibriados.
 11592 | D:13     | Lost mutation: Your magical capacity is low (-10% MP). [potion of cure mutation]
 11592 | D:13     | Lost mutation: Scrolls take you a little longer to read. [potion of cure mutation]
 11592 | D:13     | Lost mutation: You are weak. (Str -2) [potion of cure mutation]
 11592 | D:13     | Lost mutation: Your flesh is very heat resistant. [potion of cure mutation]
 11592 | D:13     | Lost mutation: You have a beak for a mouth. [potion of cure mutation]
 12314 | D:14     | Noticed a vault guard
 12315 | D:14     | Noticed a vault guard
 12318 | D:14     | Noticed a vault guard
 12319 | D:14     | Noticed a vault guard
 12323 | D:14     | Noticed a vault guard
 12324 | D:14     | Killed a vault guard
 12324 | D:14     | Gained mutation: You have hoof-like feet. [demonic ancestry]
 12324 | D:14     | Reached XP level 14. HP: 107/122 MP: 14/14
 12365 | D:14     | Found a gate to the Vaults.
 12498 | D:14     | Found Ogipniga's Gadget Shoppe.
 12632 | D:14     | Reached skill level 10 in Maces & Flails
 12760 | D:14     | Reached skill level 11 in Fighting
 12779 | D:14     | Gained mutation: You possess an exceptional clarity of mind. [mutagenic meat]
 12780 | D:14     | Gained mutation: You expend magic power (3 MP) to strengthen your wands. [mutagenic meat]
 12781 | D:14     | Gained mutation: Your flesh is very cold resistant. [mutagenic meat]
 12782 | D:14     | Gained mutation: You are weak. (Str -2) [mutagenic meat]
 12783 | D:14     | Gained mutation: Your magical capacity is low (-10% MP). [mutagenic meat]
 13079 | D:15     | Entered Level 15 of the Dungeon
 13155 | D:15     | Noticed Roxanne
 13541 | D:15     | Gained mutation: Your natural rate of healing is unusually fast. [mutagenic meat]
 13543 | D:15     | Gained mutation: Your body sometimes deteriorates upon taking damage. [mutagenic meat]
 13547 | D:15     | Lost mutation: You possess an exceptional clarity of mind. [mutagenic meat]
 13550 | D:15     | Lost mutation: You are weak. (Str -2) [mutagenic meat]
 13575 | D:15     | Found a frozen archway.
 13603 | IceCv    | Entered an ice cave
 14071 | D:15     | Gained mutation: You have a pair of small horns on your head. [potion of mutation]
 14071 | D:15     | Gained mutation: Your mind is acute. (Int +2) [potion of mutation]
 14210 | D:15     | Received a gift from Trog
 14280 | D:15     | Lost mutation: Your body sometimes deteriorates upon taking damage. [mutagenic meat]
 14283 | D:15     | Gained mutation: You evolve. [mutagenic meat]
 14284 | D:15     | Gained mutation: You heal very quickly. [mutagenic meat]
 14521 | D:15     | Found a portal to a secret trove of treasure.
 14737 | Lair:1   | Entered Level 1 of the Lair of Beasts
 15259 | Lair:1   | Gained mutation: You regenerate health from kills. [demonic ancestry]
 15259 | Lair:1   | Reached XP level 15. HP: 126/130 MP: 13/13
 15295 | Lair:1   | Reached ****** piety under Trog
 15527 | Lair:2   | Received a gift from Trog
 15633 | Lair:2   | Lost mutation: You evolve. [end of evolution]
 16242 | Lair:3   | Noticed Prince Ribbit
 16256 | Lair:3   | Killed Prince Ribbit
 16467 | Lair:3   | Found a staircase to the Swamp.
 17028 | Lair:4   | Found an oddly glowing altar of Pakellas.
 17395 | Lair:4   | Gained mutation: Your movements are slightly less encumbered by armour (ER -2). [potion of mutation]
 17395 | Lair:4   | Lost mutation: You have a pair of small horns on your head. [potion of mutation]
 17395 | Lair:4   | Gained mutation: You are very robust (+20% HP). [potion of mutation]
 17551 | Lair:4   | Found a dark tunnel.
 17561 | Volcano  | Entered a volcano
 18445 | Lair:5   | Found a hole to the Spider Nest.
 18445 | Lair:5   | Noticed Kirke
 18451 | Lair:5   | Reached skill level 12 in Fighting
 18455 | Lair:5   | Killed Kirke
 19613 | Lair:6   | Received a gift from Trog
 19700 | Lair:7   | Found a staircase to the Slime Pits.
 19700 | Lair:7   | Found a viscous altar of Jiyva.
 20396 | Lair:8   | Entered Level 8 of the Lair of Beasts
 20766 | Lair:8   | Received a gift from Trog
 20865 | Lair:8   | Reached XP level 16. HP: 63/154 MP: 14/14
 21536 | Lair:8   | Received a gift from Trog
 22018 | Orc:1    | Entered Level 1 of the Orcish Mines
 22191 | Orc:2    | Entered Level 2 of the Orcish Mines
 22488 | Orc:2    | Found a staircase to the Elven Halls.
 22513 | Orc:2    | Found a roughly hewn altar of Beogh.
 22575 | Orc:2    | Found Cugy's Weapon Shoppe.
 22658 | Orc:2    | Found Vocaemn's Distillery.
 22729 | Orc:2    | Bought a potion of beneficial mutation for 525 gold pieces
 22729 | Orc:2    | Bought a potion of heal wounds for 75 gold pieces
 22729 | Orc:2    | Bought a potion of curing for 45 gold pieces
 22729 | Orc:2    | Bought a potion of curing for 45 gold pieces
 22729 | Orc:2    | Bought a potion of curing for 45 gold pieces
 22729 | Orc:2    | Gained mutation: Your mind is very acute. (Int +4) [potion of beneficial mutation]
 22730 | Orc:2    | Found Ympieps's Antique Armour Boutique.
 22732 | Orc:2    | Found Viep's Gadget Shoppe.
 22745 | Orc:2    | Bought the +1 ratskin cloak {rPois rN+ Int-1 Dex-1} for 455 gold pieces
 22785 | Orc:2    | Received a gift from Trog
 23407 | Swamp:1  | Entered Level 1 of the Swamp
 23971 | Swamp:1  | Reached skill level 13 in Fighting
 25423 | Swamp:3  | Noticed a thorn hunter
 25636 | Swamp:3  | Killed a thorn hunter
 25771 | Swamp:3  | Noticed Mara
 25796 | Swamp:3  | Received a gift from Trog
 25825 | Swamp:3  | Noticed a thorn hunter
 25831 | Swamp:3  | Gained mutation: You are extremely robust (+30% HP). [demonic ancestry]
 25831 | Swamp:3  | Reached XP level 17. HP: 133/178 MP: 15/15
 26189 | Swamp:3  | Got an ancient flail
 26190 | Swamp:3  | Identified the +6 flail of Departure {drain, rC- Int+4 SInv} (You found it on level 3 of the Swamp)
 26382 | Swamp:3  | Noticed Scarto's illusion
 26440 | Swamp:3  | Noticed Scarto's illusion
 26530 | Swamp:3  | Killed Mara
 27034 | Swamp:4  | Entered Level 4 of the Swamp
 27116 | Swamp:4  | Received a gift from Trog
 27429 | Swamp:4  | Noticed the 27-headed Lernaean hydra
 27446 | Swamp:4  | Killed the 27-headed Lernaean hydra
 27744 | Swamp:4  | Reached skill level 14 in Fighting
 27805 | Swamp:4  | Got a decaying rune of Zot
 28140 | Spider:1 | Entered Level 1 of the Spider Nest
 28152 | Spider:1 | Noticed Nikola
 28210 | Spider:1 | Killed Nikola
 28221 | Spider:1 | Received a gift from Trog
 28264 | Spider:1 | Gained mutation: You regenerate. [mutagenic meat]
 28267 | Spider:1 | Lost mutation: You are extremely robust (+30% HP). [mutagenic meat]
 29074 | Spider:2 | Gained mutation: You regenerate a lot of health from kills. [demonic ancestry]
 29074 | Spider:2 | Reached XP level 18. HP: 175/175 MP: 16/16
 30313 | Spider:4 | Entered Level 4 of the Spider Nest
 30384 | Spider:4 | Noticed Agnes
 30396 | Spider:4 | Killed Agnes
 30636 | Spider:4 | Received a gift from Trog
 30979 | Spider:4 | Noticed Arachne
 31004 | Spider:4 | Killed Arachne
 31241 | Spider:4 | Got a gossamer rune of Zot
 31900 | D:12     | Lost mutation: You regenerate. [mutagenic meat]
 31902 | D:12     | Lost mutation: You are very robust (+20% HP). [mutagenic meat]
 31903 | D:12     | Lost mutation: Your mind is very acute. (Int +4) [mutagenic meat]
 32008 | Elf:1    | Entered Level 1 of the Elven Halls
 32350 | Elf:1    | Received a gift from Trog
 32364 | Elf:1    | Found Elamaet's Food Shop.
 32454 | Elf:1    | Reached skill level 15 in Fighting
 32819 | Elf:1    | Reached XP level 19. HP: 170/170 MP: 5/17
 33200 | Elf:2    | Received a gift from Trog
 33223 | Elf:2    | Found Wianweil's Food Shop.
 33248 | Elf:2    | Found an ancient bone altar of Kikubaaqudgha.
 33412 | Elf:2    | Reached skill level 15 in Armour
 33424 | Elf:2    | Found a huge runed gate.
 33426 | Elf:2    | Found a huge runed gate.
 33429 | Elf:2    | Found a huge runed gate.
 33743 | Elf:2    | Received a gift from Trog
 33940 | Elf:2    | Reached skill level 15 in Axes
 34007 | Elf:2    | Reached skill level 15 in Shields
 34105 | Elf:3    | Entered Level 3 of the Elven Halls
 34512 | Elf:3    | Received a gift from Trog
 34547 | Elf:3    | Gained mutation: You are very robust (+20% HP). [demonic ancestry]
 34547 | Elf:3    | Reached XP level 20. HP: 139/196 MP: 6/18
 34547 | Elf:3    | Reached skill level 15 in Maces & Flails
 34560 | Elf:3    | Reached skill level 16 in Fighting
 34830 | Elf:3    | Got a coiled garnet amulet
 34833 | Elf:3    | Got an ancient bronze ring
 34838 | Elf:3    | Identified the amulet "Mongooxt" {+Rage Str+2} (You found it on level 3 of the Elven Halls)
 34840 | Elf:3    | Identified the ring of Amelioration {Int+2 Stlth+} (You found it on level 3 of the Elven Halls)
 34933 | Elf:3    | Got a bloodstained arbalest
 34940 | Elf:3    | Identified the +6 arbalest "Kofrieju" {elec, *Drain +Inv rC+++ Stlth-} (You found it on level 3 of the Elven Halls)
 35144 | Elf:3    | Got a crude shortbow
 35155 | Elf:3    | Identified the +1 shortbow "Tyiluonang" {flame, rN+ Stlth+} (You found it on level 3 of the Elven Halls)
 35162 | Elf:3    | Got a crude greatsling
 35381 | Elf:3    | Identified the +7 greatsling "Haroroij" {velocity, rElec rPois Str+2 Dex+2} (You found it on level 3 of the Elven Halls)
 35818 | Slime:1  | Entered Level 1 of the Pits of Slime
 35877 | Slime:2  | Gained mutation: Your magical capacity is very low (-20% MP). [a shining eye]
 35913 | Slime:2  | Lost mutation: You heal very quickly. [a shining eye]
 36992 | Slime:3  | Received a gift from Trog
 37666 | Slime:4  | Gained mutation: Your magical capacity is extremely low (-30% MP). [a shining eye]
 37790 | Slime:4  | Gained mutation: You are clumsy. (Dex -2) [a shining eye]
 37792 | Slime:4  | Lost mutation: Your mind is acute. (Int +2) [a shining eye]
 38037 | Slime:6  | Entered Level 6 of the Pits of Slime
 38054 | Slime:6  | Splashed by an acid blob's acid

Skill      XL: |  1  2  3  4  5  6  7  8  9 10 11 12 13 14 15 16 17 18 19 20 |
---------------+-------------------------------------------------------------+-----
Shields        | 3 4 5 6 7 8 9 10 11 12 13 14 15 | 15.7
Axes           | 2 3 4 5 6 7 8 9 10 11 12 13 14 15 | 15.6
Armour         | 3 4 5 6 7 8 9 10 11 12 13 14 15 | 15.8
Maces & Flails | 1 2 3 4 5 6 8 9 10 11 12 13 14 15 | 15.4
Fighting       | 4 5 6 7 8 9 10 11 12 13 14 15 16 | 16.3

Action                   |  1- 3 |  4- 6 |  7- 9 | 10-12 | 13-15 | 16-18 | 19-21 || total
-------------------------+-------+-------+-------+-------+-------+-------+-------++-------
Melee: War axe           |    75 |       |       |       |       |       |       ||    75
       Mace              |    63 |   186 |   417 |   267 |   155 |   305 |       ||  1393
       Hand axe          |       |       |       |   286 |  1614 |  1611 |       ||  3511
       Kick              |       |       |       |    62 |   614 |  1024 |   140 ||  1840
       Peck              |       |       |       |       |    56 |       |       ||    56
       Headbutt          |       |       |       |       |    86 |       |       ||    86
       Flail             |       |       |       |       |       |   513 |       ||   513
       Broad axe         |       |       |       |       |       |   139 |   778 ||   917
Throw: Tomahawk          |       |       |       |    14 |     1 |     2 |     7 ||    24
Invok: Berserk           |       |       |       |     7 |     7 |     8 |     2 ||    24
       Trog's Hand       |       |       |       |     2 |     5 |     6 |     2 ||    15
       Burn Spellbooks   |       |       |       |     1 |     3 |     2 |     4 ||    10
       Brothers in Arms  |       |       |       |       |     1 |     3 |     2 ||     6
  Use: Scroll            |     6 |     2 |     3 |     8 |    17 |    18 |     4 ||    58
       Potion            |       |       |     9 |     6 |     8 |     4 |     3 ||    30
 Stab: Petrified         |       |       |       |       |     6 |       |       ||     6
       Paralysed         |       |       |       |       |       |     4 |       ||     4
       Confused          |       |       |       |       |       |     4 |       ||     4
       Petrifying        |       |       |       |       |       |     4 |       ||     4
       Distracted        |       |       |       |       |       |     5 |       ||     5
       Held in net/web   |       |       |       |       |       |     1 |       ||     1
  Eat: Bread ration      |     1 |     1 |       |     3 |     2 |     7 |     2 ||    16
       Chunk             |       |     2 |     8 |     9 |    41 |    15 |     2 ||    77
       Fruit             |       |       |       |     9 |     8 |     7 |       ||    24
       Royal jelly       |       |       |       |       |     1 |     2 |     2 ||     5
       Beef jerky        |       |       |       |       |     2 |     2 |       ||     4
       Pizza             |       |       |       |       |     2 |     3 |       ||     5
       Meat ration       |       |       |       |       |     2 |       |       ||     2
Armor: Scale mail        |    90 |   126 |   216 |   301 |   405 |       |       ||  1138
       Plate armour      |       |       |       |       |   425 |  2145 |   401 ||  2971
Dodge: Dodged            |    43 |    93 |   112 |   186 |   407 |   715 |   140 ||  1696
Block: Shield            |    68 |    30 |       |       |       |       |       ||    98
       Buckler           |       |    48 |   143 |   245 |   595 |  1420 |   366 ||  2817
       Reflection        |       |       |       |       |       |     6 |    65 ||    71
